 Dungeon Crawl Stone Soup version 0.32-a0-968-g61e5eb5241 (webtiles) character file.

Game seed: 14140367978247154699

281032 GeoRichter the Force of Nature (level 19, -3/149 HPs)
             Began as a Demonspawn Fire Elementalist on Apr 16, 2024.
             Was the Champion of Fedhas.
             Shot with an arrow by a deep elf master archer (6 damage)
             ... on level 3 of the Elven Halls on Apr 18, 2024.
             The game lasted 02:02:26 (58658 turns).

GeoRichter the Force of Nature (DsFE)              Turns: 58658, Time: 02:02:26

Health: -3/149     AC: 26    Str: 17    XL:     19   Next: 69%
Magic:  34/34      EV: 14    Int: 26    God:    Fedhas [******]
Gold:   2388       SH: 17    Dex: 16    Spells: 27/40 levels left

rFire   + . .        a - +7 flail (drain)
rCold   . . .        x - +5 kite shield of the Kangaroo {Will+ Str+4 Int+7 Stlth-}
rNeg    . . .        P - +0 swamp dragon scales
rPois   +            g - +0 helmet
rElec   .            h - +2 cloak {rC+}
rCorr   .            B - +1 pair of gloves "Horoess" {Will+ Dex+2}
SInv    .            W - +2 pair of boots {Stlth+}
Will    +++..        l - amulet of regeneration
Stlth   +            c - +4 ring of protection
HPRegen 1.24/turn    Y - ring of fire
MPRegen 0.24/turn

%: no passive effects
@: no status effects
A: rugged brown scales 3, demonic guardian 3, ignite blood 1, weakness stinger
2, frail 1
}: 2/15 runes: barnacled, gossamer
a: Renounce Religion, Wall of Briars, Grow Ballistomycete, Overgrow, Grow Oklob


You were on level 3 of the Elven Halls.
You worshipped Fedhas.
Fedhas was exalted by your worship.
You visited 6 branches of the dungeon, and saw 33 of its levels.
You also visited: Bailey and Ice Cave.

You collected 4076 gold pieces.
You spent 1688 gold pieces at shops.

Inventory:

Hand Weapons
 a - a +7 flail of draining (weapon)
   (You took it off a gnoll on level 6 of the Dungeon)
Missiles
 d - 4 throwing nets {!f}
Armour
 f - +0 ice dragon scales
   (You found it in an ice cave)
 g - a +0 helmet (worn)
   (You found it on level 1 of the Dungeon)
 h - a +2 cloak of cold resistance (worn)
   (You found it in an ice cave)
 x - the +5 kite shield of the Kangaroo (worn) {Will+ Str+4 Int+7 Stlth-}
   (You found it on level 5 of the Dungeon)

   Str+4:     It affects your strength (+4).
   Int+7:     It affects your intelligence (+7).
   Will+:     It increases your willpower.
   Stlth-:    It makes you less stealthy.
 B - the +1 pair of gloves "Horoess" (worn) {Will+ Dex+2}
   (You acquired it on level 9 of the Dungeon)

   Dex+2:     It affects your dexterity (+2).
   Will+:     It increases your willpower.
 P - +0 swamp dragon scales (worn)
   (You bought it in a shop on level 8 of the Dungeon)
 W - a +2 pair of boots of stealth (worn)
   (You found it on level 4 of the Lair of Beasts)
Magical Staves
 b - the staff of Pouryipu {Will++ SInv Earth}
   (You found it on level 3 of the Spider Nest)

   [staff of earth]

   Base accuracy: +5 Base damage: 5 Base attack delay: 1.2 This weapon's minimum
   attack delay (0.6) is reached at skill level 12.
   Will++:    It greatly increases your willpower.
   SInv:      It lets you see invisible.
   Earth:     It increases the power of your Earth spells.
   It falls into the 'Staves' category.
   It is a one-handed weapon.
 y - the staff "Cafezuest" {rPois rN+ rCorr Necro}
   (You found it on level 4 of the Shoals)

   [staff of death]

   Base accuracy: +5 Base damage: 5 Base attack delay: 1.2 This weapon's minimum
   attack delay (0.6) is reached at skill level 12.
   rPois:     It protects you from poison.
   rN+:       It protects you from negative energy.
   rCorr:     It protects you from acid and corrosion.
   Necro:     It increases the power of your Necromancy spells.
   It falls into the 'Staves' category.
   It is a one-handed weapon.
Jewellery
 c - a +4 ring of protection (left hand)
   (You found it on level 2 of the Dungeon)
 l - an amulet of regeneration (around neck)
   (You took it off a gnoll on level 6 of the Dungeon)
 M - a ring of protection from cold
   (You found it on level 8 of the Dungeon)
 N - a ring of flight
   (You found it on level 8 of the Dungeon)
 Y - a ring of fire (right hand)
   (You found it on level 11 of the Dungeon)
Wands
 n - a wand of flame (63)
   (You took it off Grinder on level 3 of the Dungeon)
 v - a wand of charming (2)
   (You found it on level 3 of the Shoals)
 H - a wand of roots (26)
   (You took it off Maurice on level 7 of the Dungeon)
 L - a wand of digging (18)
   (You found it on level 8 of the Dungeon)
Scrolls
 e - a scroll of teleportation {@r4}
 j - 5 scrolls of fog
 m - 4 scrolls of vulnerability {!r}
 o - 3 scrolls of silence
 r - a scroll of brand weapon
 u - 5 scrolls of poison {!r}
 F - 4 scrolls of immolation {!r}
 I - a scroll of enchant armour
 Q - 3 scrolls of torment {!r}
 R - 4 scrolls of butterflies
 U - 4 scrolls of revelation
Potions
 i - 2 potions of lignification {!q}
 k - 8 potions of haste {@q3}
 q - 5 potions of enlightenment
 s - 5 potions of brilliance
 t - 5 potions of might
 z - 4 potions of mutation {!q}
 C - 4 potions of attraction {!q}
 D - 3 potions of cancellation
 E - a potion of berserk rage
 J - 6 potions of resistance
 S - 3 potions of magic
 T - 9 potions of ambrosia
 X - a potion of invisibility
Miscellaneous
 p - a phantom mirror
   (You found it on level 2 of the Lair of Beasts)
 K - a box of beasts
   (You found it on level 5 of the Lair of Beasts)
 O - a phial of floods
   (You found it on level 4 of the Shoals)


   Skills:
 + Level 14.9 Fighting
 - Level 14.0 Maces & Flails
 - Level 7.0 Armour
 - Level 10.0 Dodging
 - Level 1.7 Stealth
 - Level 12.5 Shields
 - Level 11.0 Spellcasting
 * Level 13.6 Conjurations
 - Level 11.0 Fire Magic
 - Level 16.0 Invocations
 - Level 4.0 Evocations


You had 27 spell levels left.
You knew the following spells:

 Your Spells              Type           Power      Damage    Failure   Level
b - Scorch                Fire           100%       2d9       1%          2
c - Fireball              Conj/Fire      43%        3d17      2%          5
d - Iskenderun's Battles  Conj           71%        2d12      1%          5
e - Magic Dart            Conj           100%       1d8       1%          1

Your spell library contained the following spells:

 Spells                   Type           Power      Damage    Failure   Level
 Foxfire                  Conj/Fire      100%       2x1d9     1%          1
 Sting                    Conj/Alch      100%       1d9       1%          1
 Momentum Strike          Conj/Tloc      98%        3d10      1%          2
 Static Discharge         Conj/Air       98%        3-8/arc   1%          2
 Flame Wave               Conj/Fire      87%        2d19      1%          4
 Dazzling Flash           Conj/Hex       98%        N/A       2%          3
 Inner Flame              Hex/Fire       59%        N/A       4%          3
 Volatile Blastmotes      Fire/Tloc      100%       2d18      4%          3
 Brom's Barrelling Bould  Conj/Erth      49%        2d7       9%          4
 Apportation              Tloc           28%        N/A       13%         1
 Necrotise                Necr           56%        1d6       13%         1
 Summon Small Mammal      Summ           56%        N/A       13%         1
 Ignite Poison            Fire/Alch      59%        N/A       14%         4
 Blink                    Tloc           28%        N/A       21%         2
 Call Imp                 Summ           28%        N/A       21%         2
 Cigotuvi's Dreadful Rot  Necr/Alch/Air  28%        N/A       21%         2
 Lesser Beckoning         Tloc           28%        N/A       21%         2
 Orb of Destruction       Conj           35%        9d10      38%         7
 Freezing Cloud           Conj/Ice/Air   18%        6-21      50%         5
 Conjure Ball Lightning   Conj/Air       24%        3x3d7     77%         6


Dungeon Overview and Level Annotations

Branches:
Dungeon (15/15) Zot: 25089  Temple (0/1) D:4            Lair (5/5) D:9 Zot: 17370
 Shoals (4/4) Lair:3 Zot: 16012  Spider (4/4) Lair:3 Zot: 14299   Slime (0/5) Lair:4
    Orc (2/2) D:10 Zot: 9164     Elf (3/3) Orc:2 Zot: 13396  Vaults (0/5) D:14
 Depths (0/4) D:15         Bailey (visited)           IceCv (visited)

Altars:
Cheibriados
Fedhas
Okawaru
Sif Muna
Trog
Uskayaw
Xom
Beogh

Shops:
D:1 **   D:8 [   D:15 (   Orc:1 :   Orc:2 *[=*   Elf:1 [

Annotations:
D:3 1 runed translucent door, Crazy Yiuf
Spider:4 exclusion: 3 doors
Elf:2 3 runed translucent doors


Innate Abilities, Weirdness & Mutations

You are completely covered in rugged brown scales. (AC +3, +7% HP)
A powerful demonic guardian rushes to your aid.
Your demonic aura sometimes causes spilled blood to erupt in flames.
You have a tail ending in a sharp stinger.
You are frail. (-10% HP)


Message History

You block the arrow.
The deep elf master archer shoots an arrow.
The arrow hits you!!
The deep elf master archer shoots an arrow.
The arrow hits you!!
* * * LOW HITPOINT WARNING * * *
You hit the deep elf master archer but do no damage.
You drain the deep elf master archer.
You tail-slap the deep elf master archer!
The deep elf master archer is lightly wounded.
The air elemental fires a burst of electricity at you.
The stunning burst hits you.
You suddenly lose the ability to move!
* * * LOW HITPOINT WARNING * * *
The deep elf master archer shoots an arrow.
The arrow hits you!!
* * * LOW HITPOINT WARNING * * *
The air elemental hits you but does no damage.
The deep elf master archer shoots an arrow.
The arrow hits you.
* * * LOW HITPOINT WARNING * * *
The air elemental hits you.
* * * LOW HITPOINT WARNING * * *
The air elemental hits you but does no damage.
The deep elf master archer shoots an arrow.
The arrow hits you.
* * * LOW HITPOINT WARNING * * *
The deep elf master archer shoots an arrow.
The arrow hits you!!
* * * LOW HITPOINT WARNING * * *
A demonic guardian appears!
You can move again.
Unknown command.
Okay, then.
Okay, then.
As you read the scroll of fear, it crumbles to dust.
You assume a fearsome visage.
The deep elf master archer easily resists.
The air elemental is unaffected.
You block the air elemental's attack. x2
The deep elf master archer shoots an arrow.
You block the arrow.
The air elemental hits you but does no damage.
Your balrug hits the deep elf master archer with a +1 demon whip of draining.
The deep elf master archer is engulfed in flames!!
Your balrug drains the deep elf master archer.
The deep elf master archer is engulfed in blazing flames.
The deep elf master archer shoots an arrow.
The arrow hits you.
You die...
Fedhas appreciates your contribution to the ecosystem.

##.......## ##.....###.#.#
#.#...[.#.# ##...#.#.##'#
#..#...#..### ##.#.#.#...##
#...#.#..[##. ##.#.##....###
#.(..#....#..###.#.###.♣....##
#...#.#...'..........'.♣.♣....
#..#...#..#..#.#....)..♣....##
#.#....4..#.○.#.#.####....###
##.......##.2@......##.<###
#######1.##.eE#####.##### #
#)e #..## #.# # #$. #.# #.# ##
#.3..## #.# #. #...# #. #.
#...# #.
*********##..#************ ##
,**,,**,,**..#*,,**,,**,,** #


You could see a deep elf master archer (drained, ally target), an air elemental
and a friendly balrug (summoned).

Vanquished Creatures
  Rupert (Orc:2)
  A sphinx (Shoals:4)
  A kraken (Shoals:3)
  Kirke (Shoals:1)
  2 frost giants (IceCv)
  A deep elf sorcerer (Elf:3)
  A deep elf elementalist (Elf:3)
  5 ghost moths
  4 emperor scorpions
  2 deep elf demonologists
  4 deep elf annihilators
  A white draconian (IceCv)
  3 minotaurs
  A merfolk impaler (Shoals:1)
  2 entropy weavers
  2 merfolk javelineers
  A deep elf high priest (Elf:1)
  4 ice dragons (IceCv)
  A rakshasa (D:15)
  A catoblepas (Lair:5)
  7 hydras
  7 ironbound frosthearts (IceCv)
  4 radroaches
  2 alligator snapping turtles
  A jorogumo (Spider:4)
  3 centaur warriors
  3 boulder beetles
  3 merfolk avatars
  21 dancing weapons
  2 merfolk aquamancers
  5 two-headed ogres
  Erica (Lair:2)
  A tengu warrior (D:14)
  A demonic crawler (Spider:3)
  6 death yaks
  6 satyrs
  An occultist (D:15)
  9 deep elf knights
  Nergalle (Lair:2)
  4 skeletal warriors
  6 skysharks
  4 pharaoh ants
  6 deep elf archers
  13 orb spiders
  9 sea snakes
  A deep troll (D:14)
  A sun moth (Spider:3)
  An orange crystal statue (IceCv)
  2 thermic dynamos (Elf:2)
  15 deep elf zephyrmancers
  An obsidian bat (Orc:1)
  7 steelbarb worms
  15 deep elf pyromancers
  6 orc knights
  16 harpies
  A necromancer (D:15)
  19 wolf spiders
  9 ugly things
  5 orc sorcerers
  20 manticores
  10 cyclopes
  Maurice (D:7)
  21 fauns
  2 moths of wrath
  A guardian serpent (Lair:5)
  3 meliai
  4 merfolk sirens
  A centaur zombie (D:15)
  4 water nymphs
  6 elephants
  2 kobold blastminers (Orc:2)
  21 cane toads
  2 torpor snails
  A gargoyle (D:14)
  15 black mambas
  14 rime drakes
  5 yaktaurs (D:15)
  13 komodo dragons
  A tengu conjurer (D:15)
  5 trolls
  31 merfolk
  24 tarantellas
  Grinder (D:3)
  9 polar bears
  5 snapping turtles
  A queen bee (Lair:2)
  9 saltlings (Orc:2)
  4 wind drakes
  5 hornets
  A glass eye (shapeshifter) (Elf:1)
  18 jumping spiders
  17 blink frogs
  19 dream sheep
  16 slime creatures
  A centaur simulacrum (D:15)
  2 wraiths
  15 culicivoras
  10 water elementals
  54 yaks
  18 wyverns
  10 basilisks
  29 redbacks
  3 wargs
  2 fire elementals
  3 fire bats (Lair:4)
  2 steam dragons
  3 hogs
  8 vampire mosquitoes (D:13)
  4 acid dragons
  20 water moccasins
  31 orc warriors
  A hornet zombie (D:15)
  2 black bears (D:9)
  An ice beast (D:6)
  2 laughing skulls (D:15)
  5 wolves
  10 centaurs
  9 ogres
  A phantom (D:6)
  6 kobold brigands
  15 bullfrogs
  2 gnoll sergeants
  A scorpion (D:5)
  An earth elemental (Elf:3)
  9 wights
  36 killer bees
  3 electric eels
  10 howler monkeys
  A lava snake (Lair:4)
  11 orc priests
  3 bombardier beetles
  3 hounds
  4 jellies
  A gnoll bouda (D:6)
  4 iguanas
  7 orc wizards
  2 hell rats
  Robin (D:3)
  17 gnolls
  8 adders
  3 river rats
  A white imp (D:6)
  6 ufetubi
  A dart slug (D:4)
  A ribbon worm (D:2)
  70 orcs
  10 ball pythons
  8 endoplasms
  A giant cockroach (D:4)
  18 goblins
  6 hobgoblins
  6 jackals
  12 kobolds
  5 quokkas
  5 bats
  5 frilled lizards
  9 rats
  A butterfly (Lair:3)
  2 tentacles (Shoals:3)
1137 creatures vanquished.

Vanquished Creatures (collateral kills)
  Arachne (Spider:4)
  2 emperor scorpions (Spider:1)
  3 ghost moths
  A broodmother (Spider:3)
  2 deep elf death magi
  2 spark wasps (Spider:4)
  An entropy weaver (shapeshifter) (D:14)
  2 entropy weavers
  A vault guard (D:14)
  2 ice dragons (IceCv)
  3 hydras
  A catoblepas (Lair:5)
  2 radroaches
  2 merfolk aquamancers
  2 jorogumos (Spider:4)
  A centaur warrior (D:15)
  3 dancing weapons
  6 satyrs (Shoals:4)
  2 boulder beetles
  2 demonic crawlers
  An orc high priest (Orc:2)
  Urug (Lair:4)
  A deep elf knight (Elf:2)
  A pharaoh ant (Spider:1)
  4 deep elf archers (Elf:1)
  2 skeletal warriors (D:10)
  A lindwurm (Lair:5)
  A sea snake (Shoals:3)
  5 orb spiders (Spider:4)
  4 deep elf pyromancers
  A deep elf zephyrmancer (Elf:2)
  3 orc knights (Orc:2)
  An obsidian bat (Orc:2)
  2 fauns
  2 manticores (Lair:5)
  An ugly thing (D:14)
  A cyclops (Shoals:2)
  3 elephants (Lair:2)
  5 wolf spiders
  A salamander (Lair:4)
  A meliai (Spider:3)
  A black mamba (shapeshifter) (D:14)
  A cane toad (Lair:5)
  2 torpor snails
  3 rime drakes
  A komodo dragon (Lair:1)
  A merfolk (Shoals:2)
  2 wind drakes
  A polar bear (IceCv)
  8 tarantellas
  A troll (Orc:2)
  7 jumping spiders
  A dream sheep (Shoals:2)
  A saltling (Orc:2)
  A snapping turtle (Shoals:4)
  7 culicivoras
  2 fire elementals (Lair:4)
  A water elemental (Shoals:2)
  9 yaks
  A steam dragon (D:6)
  7 redbacks
  A sky beast (D:7)
  2 orc warriors (D:10)
  A wolf (Lair:2)
  3 killer bees (Lair:2)
  A jelly (D:7)
  An orc priest (Orc:1)
  An orc wizard (D:11)
  3 gnolls (D:6)
  A shadow imp (D:6)
  2 orcs
  39 ballistomycete spores
196 creatures vanquished.

Vanquished Creatures (others)
  2 deep elf knights
  An elephant (Lair:2)
  A human (Shoals:1)
  A yak (Lair:3)
  A redback (Spider:2)
  An orc wizard (Orc:2)
  A gnoll (D:6)
  3 orcs (Orc:2)
  A ballistomycete spore (Spider:4)
  952 foxfires
  10 tentacles (Shoals:3)
974 creatures vanquished.

Grand Total: 2307 creatures vanquished

Notes
Turn   | Place    | Note
-------+----------+-------------------------------------------
     0 | D:1      | GeoRichter the Demonspawn Fire Elementalist began the quest
                  | for the Orb.
     0 | D:1      | Reached XP level 1. HP: 13/13 MP: 3/3
    99 | D:1      | Found Jeineash's Assorted Antiques.
   223 | D:1      | Gained mutation: You are partially covered in rugged brown
                  | scales. (AC +1, +3% HP) [demonic ancestry]
   223 | D:1      | Reached XP level 2. HP: 13/19 MP: 3/5
   335 | D:1      | Found Nuxkoets's Assorted Antiques.
  1059 | D:2      | Learned a level 2 spell: Scorch
  1135 | D:1      | Bought an embroidered robe for 66 gold pieces
  1180 | D:2      | Gained mutation: You have a small tail. [demonic ancestry]
  1180 | D:2      | Reached XP level 3. HP: 24/24 MP: 1/6
  1225 | D:2      | Identified the +5 whip of Noon {chaos, Str+3 Dex+4}
  1818 | D:2      | Reached XP level 4. HP: 30/30 MP: 5/8
  2359 | D:3      | Noticed Robin
  2440 | D:3      | Killed Robin
  2691 | D:3      | Found a blossoming altar of Fedhas.
  2709 | D:3      | Became a worshipper of Fedhas Madash
  2746 | D:3      | Noticed Grinder
  2765 | D:3      | Killed Grinder
  2766 | D:3      | Reached skill level 5 in Fire Magic
  2766 | D:3      | Reached XP level 5. HP: 21/36 MP: 1/11
  2766 | D:3      | Gained mutation: A weak demonic guardian rushes to your
                  | aid. [demonic ancestry]
  2766 | D:3      | Reached XP level 6. HP: 24/42 MP: 1/12
  3180 | D:3      | Found a runed translucent door.
  3181 | D:3      | Noticed Crazy Yiuf
  3253 | D:4      | Reached skill level 1 in Invocations
  3626 | D:4      | Reached * piety under Fedhas
  3630 | D:4      | Reached XP level 7. HP: 47/47 MP: 8/14
  3726 | D:4      | Found a staircase to the Ecumenical Temple.
  3945 | D:5      | Entered Level 5 of the Dungeon
  3948 | D:5      | Found a shimmering altar of Xom.
  3956 | D:5      | Reached skill level 2 in Invocations
  3959 | D:5      | Reached skill level 5 in Spellcasting
  3967 | D:5      | Identified the +5 kite shield of the Kangaroo {Will+ Str+4
                  | Int+7 Stlth-}
  4394 | D:5      | Reached skill level 3 in Invocations
  4759 | D:6      | Gained mutation: A demonic guardian rushes to your aid.
                  | [demonic ancestry]
  4759 | D:6      | Reached XP level 8. HP: 36/53 MP: 2/16
  4770 | D:6      | Reached skill level 4 in Invocations
  4794 | D:6      | Reached skill level 5 in Conjurations
  4978 | D:6      | Reached ** piety under Fedhas
  5205 | D:5      | Reached skill level 5 in Invocations
  5340 | D:6      | Identified the +9 halberd "Ziblun" {heavy, Dex+3}
  5560 | D:6      | Reached skill level 6 in Invocations
  5915 | D:6      | Reached XP level 9. HP: 58/58 MP: 13/18
  6201 | D:6      | Reached *** piety under Fedhas
  6287 | D:7      | Noticed Maurice
  6400 | D:7      | Killed Maurice
  6401 | D:7      | Reached skill level 7 in Invocations
  6554 | D:7      | Reached skill level 8 in Invocations
  7166 | D:8      | Reached skill level 9 in Invocations
  7291 | D:8      | Found Aseeschor's Antique Armour Emporium.
  7300 | D:8      | Bought a pair of glowing boots for 202 gold pieces
  7339 | D:8      | Reached **** piety under Fedhas
  7411 | D:8      | Noticed a six-headed hydra
  7418 | D:8      | Killed a six-headed hydra
  7419 | D:8      | Reached skill level 10 in Invocations
  7419 | D:8      | Reached XP level 10. HP: 64/64 MP: 7/22
  8079 | D:8      | Found a bloodstained altar of Trog.
  8140 | D:8      | Found a snail-covered altar of Cheibriados.
  8322 | D:9      | Reached skill level 11 in Invocations
  8340 | D:9      | Found a flagged portal.
  8425 | Bailey   | Entered a bailey
  9029 | Bailey   | Reached ***** piety under Fedhas
  9153 | Bailey   | Noticed an orc knight
  9163 | Bailey   | Reached skill level 12 in Invocations
  9171 | Bailey   | Killed an orc knight
  9172 | Bailey   | Reached skill level 10 in Spellcasting
  9332 | D:9      | Acquired the +1 pair of gloves "Horoess" {Will+ Dex+2}
  9362 | D:9      | Found an iron altar of Okawaru.
  9377 | D:9      | Noticed a cane toad
  9390 | D:9      | Killed a cane toad
  9665 | D:9      | Noticed a five-headed hydra
  9702 | D:8      | Killed a five-headed hydra
  9703 | D:8      | Reached XP level 11. HP: 35/70 MP: 22/25
  9745 | D:9      | Reached skill level 13 in Invocations
  9798 | D:9      | Noticed a two-headed ogre
  9805 | D:9      | Killed a two-headed ogre
 10092 | D:9      | Found a staircase to the Lair.
 10290 | D:10     | Entered Level 10 of the Dungeon
 10604 | D:10     | Found a staircase to the Orcish Mines.
 10824 | D:10     | Noticed a skeletal warrior
 10824 | D:10     | Noticed a skeletal warrior
 10824 | D:10     | Noticed a skeletal warrior
 10890 | Lair:1   | Entered Level 1 of the Lair of Beasts
 10944 | Lair:1   | Reached skill level 1 in Fighting
 10952 | Lair:1   | Reached skill level 14 in Invocations
 10967 | Lair:1   | Reached skill level 1 in Shields
 11187 | Lair:1   | Reached skill level 1 in Evocations
 12040 | Lair:2   | Found a gate leading to a gauntlet.
 12062 | Lair:1   | Reached skill level 5 in Fighting
 12062 | Lair:1   | Gained mutation: A powerful demonic guardian rushes to your
                  | aid. [demonic ancestry]
 12062 | Lair:1   | Reached XP level 12. HP: 61/88 MP: 0/27
 12207 | Lair:2   | Noticed a seven-headed hydra
 12345 | Lair:1   | HP: 3/88 [seven-headed hydra (4)]
 12346 | Lair:1   | Killed a seven-headed hydra
 13002 | Lair:2   | Reached skill level 5 in Shields
 13140 | Lair:2   | Noticed Erica
 13148 | Lair:2   | Killed Erica
 13270 | Lair:2   | Noticed Nergalle
 13675 | Lair:2   | Killed Nergalle
 14018 | Lair:2   | Reached skill level 1 in Maces & Flails
 14803 | Lair:2   | Reached ****** piety under Fedhas
 15103 | Lair:2   | Gained mutation: You are mostly covered in rugged brown
                  | scales. (AC +2, +5% HP) [demonic ancestry]
 15103 | Lair:2   | Reached XP level 13. HP: 42/107 MP: 2/28
 15558 | Lair:3   | Reached skill level 10 in Fighting
 15857 | Lair:3   | Found a hole to the Spider Nest.
 15866 | Lair:3   | Reached skill level 5 in Maces & Flails
 16179 | Lair:3   | Found a staircase to the Shoals.
 16585 | Lair:3   | Identified the +7 whip of Waned {freeze, *Slow rC- rCorr
                  | Int+8}
 17591 | Lair:4   | Noticed Urug
 17601 | Lair:4   | Killed Urug
 17749 | Lair:4   | Found a staircase to the Slime Pits.
 19168 | Lair:4   | Reached skill level 10 in Maces & Flails
 19249 | Lair:5   | Entered Level 5 of the Lair of Beasts
 19509 | Lair:4   | Gained mutation: You have a tail ending in a sharp stinger.
                  | [demonic ancestry]
 19509 | Lair:4   | Reached XP level 14. HP: 59/115 MP: 5/29
 20201 | Lair:5   | Paralysed by a hornet for 1 turns
 23262 | Orc:1    | Entered Level 1 of the Orcish Mines
 23330 | D:8      | Bought swamp dragon scales for 1350 gold pieces
 23535 | Orc:1    | Found a roughly hewn altar of Beogh.
 23794 | Orc:1    | Found Pol Gudgh's Vocational Training.
 24209 | Orc:2    | Entered Level 2 of the Orcish Mines
 24209 | Orc:2    | Noticed Rupert
 24229 | Orc:2    | Killed Rupert
 24813 | Orc:2    | Reached XP level 15. HP: 113/120 MP: 13/30
 25269 | Orc:2    | Found Geapp's Assorted Antiques.
 25367 | Orc:2    | Found Jurr's Antique Armour Boutique.
 25468 | Orc:2    | HP: 1/122 [orc knight/+0 great sword (14)]
 25717 | Orc:2    | Found a staircase to the Elven Halls.
 25854 | Orc:2    | Found a roughly hewn altar of Beogh.
 25856 | Orc:2    | Found Ranivismu's General Store.
 25862 | Orc:2    | Bought a potion of heal wounds for 70 gold pieces
 25968 | Orc:2    | Found Fikkuine's Jewellery Shop.
 26169 | D:10     | Found a shimmering blue altar of Sif Muna.
 26700 | D:10     | Learned a level 5 spell: Fireball
 26706 | D:10     | Learned a level 5 spell: Iskenderun's Battlesphere
 26708 | D:10     | Learned a level 1 spell: Magic Dart
 32050 | D:14     | Found a gate to the Vaults.
 32227 | D:14     | Reached skill level 10 in Conjurations
 32460 | D:15     | Entered Level 15 of the Dungeon
 32933 | D:15     | Reached skill level 10 in Shields
 33026 | D:15     | Found Yffia's Weapon Boutique.
 33028 | D:15     | Identified the +7 dire flail of the Evil Eye {flame, Int+5}
 33072 | D:14     | Reached XP level 16. HP: 94/125 MP: 15/31
 34019 | D:15     | Found a staircase to the Depths.
 34345 | Spider:1 | Entered Level 1 of the Spider Nest
 37003 | Spider:2 | Got Majepozi's Opusculum on Powerful Locality
 38952 | Spider:3 | Identified the staff of Pouryipu {Will++ SInv Earth}
 40180 | Spider:3 | Reached skill level 1 in Armour
 40725 | Spider:3 | Identified the +1 robe of Zypt {rC+ rCorr Str+6}
 41122 | Spider:4 | Entered Level 4 of the Spider Nest
 41400 | Spider:4 | Gained mutation: You are completely covered in rugged brown
                  | scales. (AC +3, +7% HP) [demonic ancestry]
 41400 | Spider:4 | Reached XP level 17. HP: 115/136 MP: 21/32
 41922 | Shoals:1 | Entered Level 1 of the Shoals
 42432 | Shoals:1 | Noticed Kirke
 42546 | Shoals:1 | Noticed a sphinx
 42546 | Shoals:1 | Killed Kirke
 45999 | Shoals:3 | Reached skill level 10 in Fire Magic
 46561 | Shoals:3 | Reached skill level 5 in Armour
 47187 | Shoals:3 | Noticed a kraken
 47279 | Shoals:3 | Killed a kraken
 47742 | Shoals:4 | Entered Level 4 of the Shoals
 48484 | Shoals:4 | Reached XP level 18. HP: 135/150 MP: 17/33
 49601 | Shoals:4 | Got a barnacled rune of Zot
 49603 | Shoals:4 | Identified the staff "Cafezuest" {rPois rN+ rCorr Necro}
 49716 | Shoals:4 | Reached skill level 15 in Invocations
 49768 | Shoals:4 | Identified the staff of Coqoily {rPois Int+2 Alchemy}
 51147 | Spider:4 | Paralysed by a jorogumo for 3 turns
 51234 | Spider:4 | Reached skill level 5 in Dodging
 51238 | Spider:4 | Noticed Arachne
 51260 | Spider:4 | Killed Arachne
 51917 | Spider:4 | Identified the orb of Happy Babbling {*Rage, Rampage Fly
                  | Air}
 52269 | Spider:4 | Got a gossamer rune of Zot
 52589 | Elf:1    | Entered Level 1 of the Elven Halls
 52600 | Elf:1    | Reached skill level 16 in Invocations
 53405 | Elf:1    | Found Ufocha's Armour Shoppe.
 53532 | Elf:1    | Gained mutation: Your demonic aura sometimes causes spilled
                  | blood to erupt in flames. [demonic ancestry]
 53532 | Elf:1    | Reached XP level 19. HP: 121/156 MP: 9/34
 54309 | Elf:1    | Found a hide-covered altar of Uskayaw.
 54662 | Elf:1    | Upgraded the game from 0.32-a0-940-g8c197d95f1 to
                  | 0.32-a0-968-g61e5eb5241
 55206 | Elf:1    | HP: 4/162 [+0 dire flail of venom (20)]
 56124 | Elf:2    | Found a runed translucent gate.
 56125 | Elf:2    | Found a runed translucent gate.
 56125 | Elf:2    | Found a runed translucent gate.
 56340 | Elf:3    | Entered Level 3 of the Elven Halls
 56413 | Elf:3    | Found a glacial archway.
 56452 | IceCv    | Entered an ice cave
 57560 | IceCv    | Reached skill level 10 in Dodging
 58528 | Elf:3    | Noticed a Brimstone Fiend
 58540 | Elf:3    | Gained mutation: You are frail. (-10% HP) [a cacodemon]
 58656 | Elf:3    | Paralysed by an air elemental for 1 turns
 58657 | Elf:3    | HP: 2/149 [deep elf master archer/arrow (29)]
 58658 | Elf:3    | Shot with an arrow by a deep elf master archer

Illustrated notes

Levels and vault maps discovered:
D:1:      minmay_arrival_hallway, layout_loops_corners, serial_shops,
          nicolae_shop_overgrown_old_shop, nicolae_shop_stone
D:2:      minmay_diamond_boxcup, layout_basic, minmay_statues_item
D:3:      layout_basic, fedhas_altar_2, glass_columns_c, uniq_grinder,
          uniq_crazy_yiuf_cottage, uniq_robin
D:4:      layout_cave_pools, minmay_temple_entry_wispy,
          minmay_misc_feat_enclosed
D:5:      layout_rooms, mainiacjoe_overflow_small_starburst, abandoned_shop
D:6:      layout_rooms, serial_bayou, serial_bayou_ford_a, serial_bayou_shore_a,
          serial_bayou_shore_b, serial_bayou_crossing, dreamdust_gnoll_farm
D:7:      layout_rooms, uniq_maurice
D:8:      layout_basic, slow_altar_2, lemuel_coloured_pillars_altar,
          serial_shops, nicolae_shop_overgrown_old_shop, eino_tiny_chamber,
          minmay_circle_x
D:9:      layout_irregular_city, okawaru_ov_weapons_minmay, dpeg_lair_monsters,
          enter_bailey_2, minmay_quadrilaterals
D:10:     layout_irregular_city, nicolae_sif_muna_condensation, erik_orc_3,
          chequers_serial_rivers_small_3
D:11:     layout_basic
D:12:     layout_irregular_city
D:13:     layout_irregular_city
D:14:     layout_loops_ring, david_vaults_4
D:15:     grunt_enter_depths_magical_seal, layout_rooms, serial_shops,
          nicolae_shop_mannequins
Lair:1:   layout_concentric_octagons, infiniplex_staircase_pool,
          grunt_megastairs_5
Lair:2:   regret_index_wax_grids, layout_cave_pods, gauntlet_entry_generic,
          beast_lair_carwin_3, uniq_nergalle, uniq_erica
Lair:3:   layout_gridlike, mainiacjoe_shoals_entry_four_pools,
          spider_nest_entry_funnel_web, basic_altar, lemuel_fruit_fields,
          grunt_megastairs_1
Lair:4:   nzn_winding_woodlands_medium [nzn_winding_woodlands_5x5_closed_star,
          nzn_winding_woodlands_5x15_pockets, nzn_winding_woodlands_5x5_default,
          nzn_winding_woodlands_hourglass,
          nzn_winding_woodlands_center_diamonds,
          nzn_winding_woodlands_5x5_perimeter,
          nzn_winding_woodlands_5x5_default,
          nzn_winding_woodlands_5x15_river_crossing,
          nzn_winding_woodlands_5x5_open_star], layout_gridlike, slime_entry_1,
          uniq_urug
Lair:5:   hangedman_lair_tendril_chambers, layout_long_grid,
          hangedman_lair_in_review, nicolae_quartered_pool_medium,
          nicolae_lair_lil_pond
Shoals:1: layout_shoals, uniq_kirke
Shoals:2: layout_shoals
Shoals:3: layout_shoals, nicolae_shoals_kraken_intersection
Shoals:4: shoals_end_hellmonk_lost_city
Spider:1: layout_chambers
Spider:2: layout_spider_delve
Spider:3: layout_chambers, hellmonk_motheaten_closet
Spider:4: johnstein_spider_rune_arachne_lair
Orc:1:    layout_diamond_mine, basic_altar, nicolae_orc_bridge_out,
          nicolae_shop_vocational
Orc:2:    hellmonk_orc_salted, layout_diamond_mine, uniq_rupert
Elf:1:    elf_arrival_001, layout_geoelf_diagonals, serial_shops,
          nicolae_shop_scrapyard, nicolae_elf_altarnating
Elf:2:    elven_hall_of_blades_hangedman_original [nicolae_blade_tridents],
          layout_gridlike
Elf:3:    minmay_elf_hall_dome, layout_geoelf_diagonals,
          portal_ice_cave_entry_pillars_1, hangedman_elven_pyramids

Skill      XL: |  1  2  3  4  5  6  7  8  9 10 11 12 13 14 15 16 17 18 19 |
---------------+----------------------------------------------------------+-----
Fire Magic     | 3 4 5 7 11 | 11.0
Spellcasting   | 4 5 6 8 10 11 | 11.0
Conjurations   | 2 4 6 7 10 12 13 | 13.6
Invocations    | 1 3 6 10 12 14 16 | 16.0
Fighting       | 5 9 10 12 14 | 14.9
Shields        | 3 6 7 10 12 | 12.5
Evocations     | 4 |  4.0
Maces & Flails | 3 10 14 | 14.0
Armour         | 1 5 7 |  7.0
Dodging        | 7 10 | 10.0
Stealth        | |  1.7

Action                     |  1- 3 |  4- 6 |  7- 9 | 10-12 | 13-15 | 16-18 | 19-21 || total
---------------------------+-------+-------+-------+-------+-------+-------+-------++-------
  Melee: Dagger            |    22 |       |       |       |       |       |       ||    22
         Whip              |     1 |    37 |   141 |   234 |   228 |       |       ||   641
         Tailslap          |       |     4 |    23 |    60 |   184 |   198 |    77 ||   546
         Flail             |       |       |       |       |   558 |  1002 |   306 ||  1866
         Staff             |       |       |       |       |       |     1 |       ||     1
   Cast: Foxfire           |    50 |    98 |    74 |   140 |   183 |       |       ||   545
         Scorch            |     2 |     3 |    87 |   360 |   543 |     3 |       ||   998
         Magic Dart        |       |       |       |       |   419 |   867 |   247 ||  1533
         Iskenderun's Batt |       |       |       |       |    59 |   136 |    43 ||   238
         Fireball          |       |       |       |       |       |   168 |     3 ||   171
 Invoke: Grow Ballistomyce |       |       |     1 |     1 |     3 |     3 |       ||     8
         Grow Oklob        |       |       |       |     1 |     7 |    10 |       ||    18
  Evoke: Wand              |       |       |     3 |     8 |     8 |     8 |       ||    27
         Box of beasts     |       |       |       |       |     1 |     1 |       ||     2
         Phantom mirror    |       |       |       |       |     1 |       |       ||     1
    Use: Potion            |     1 |       |     3 |     3 |     7 |    12 |     2 ||    28
         Scroll            |       |       |     9 |    11 |    20 |    15 |     5 ||    60
   Stab: Sleeping          |     1 |     1 |       |       |       |       |       ||     2
         Confused          |       |       |     1 |     1 |     8 |     1 |       ||    11
         Petrifying        |       |       |     1 |     2 |       |       |       ||     3
         Petrified         |       |       |       |     1 |       |       |       ||     1
         Distracted        |       |       |       |     1 |     3 |     1 |     1 ||     6
         Invisible         |       |       |       |       |    12 |       |       ||    12
 Armour: Robe              |    22 |    19 |    49 |       |       |       |       ||    90
         Steam dragon scal |       |       |   106 |   452 |   415 |       |       ||   973
         Swamp dragon scal |       |       |       |       |   415 |  1805 |   225 ||  2445
         Ice dragon scales |       |       |       |       |       |       |    59 ||    59
  Dodge: Dodged            |    26 |    15 |    82 |   252 |   338 |   592 |   113 ||  1418
  Block: Kite shield       |       |       |   170 |   589 |  1175 |  1848 |   288 ||  4070

Table legend: (Time is in decaauts)
 A = Elapsed time spent in this place.
 B = Non-inter-level travel time spent in this place.
 C = Inter-level travel time spent in this place.
 D = Time resting spent in this place.
 E = Time spent auto-exploring this place.
 F = Levels seen in this place.
 G = Mean time per level.
                   A        B        C        D        E       F      G
               +--------+--------+--------+--------+--------+-----+--------+
         Total |  58611 |  56051 |   2560 |   7152 |  36998 |  35 | 1674.6 |
       Dungeon |  18703 |  17486 |   1217 |    881 |  13287 |  15 | 1246.9 |
          Lair |  12629 |  12061 |    568 |   1458 |   8007 |   5 | 2525.8 |
        Shoals |   7987 |   7803 |    184 |   2158 |   4045 |   4 | 1996.8 |
   Spider Nest |   9700 |   9380 |    320 |   1394 |   6080 |   4 | 2425.0 |
  Orcish Mines |   2835 |   2679 |    156 |    362 |   1659 |   2 | 1417.5 |
   Elven Halls |   4602 |   4490 |    112 |    388 |   3012 |   3 | 1534.0 |
        Bailey |    904 |    904 |      0 |    413 |    235 |   1 |  904.0 |
      Ice Cave |   1248 |   1248 |      0 |     98 |    673 |   1 | 1248.0 |
               +--------+--------+--------+--------+--------+-----+--------+

Top non-repeatable levels by time:
  Lair:5: 3363 daAuts
Spider:1: 3121 daAuts
Spider:3: 2871 daAuts
  Lair:2: 2762 daAuts
  Lair:4: 2553 daAuts
Shoals:3: 2333 daAuts
   Elf:1: 2328 daAuts
Shoals:2: 2291 daAuts
Spider:4: 2174 daAuts
  Lair:3: 2161 daAuts
Shoals:1: 2092 daAuts
   Orc:2: 1853 daAuts
  Lair:1: 1788 daAuts
    D:10: 1658 daAuts
    D:14: 1626 daAuts
